 Dungeon Crawl Stone Soup version 0.18.1-1-g2f07953 (webtiles) character file.

88 Eucla the Slasher (level 4, -7/31 HPs)
             Began as a Halfling Abyssal Knight on May 8, 2016.
             Was a Believer of Lugonu.
             Mangled by Sigmund
             ... wielding a +0 scythe
              (11 damage)
             ... on level 2 of the Dungeon.
             The game lasted 00:03:03 (1865 turns).

Eucla the Slasher (Halfling Abyssal Knight)         Turns: 1865, Time: 00:03:03

Health: -7/31      AC:  3    Str: 13    XL:     4   Next: 81%
Magic:  6/6        EV: 16    Int: 11    God:    Lugonu [**....]
Gold:   75         SH:  0    Dex: 13    Spells: 0 memorised, 3 levels left

rFire  + . .     SeeInvis .     a - +1 falchion
rCold  + . .     Gourm    .     i - +0 robe {MR+}
rNeg   . . .     Faith    .     (shield restricted)
rPois  +         Spirit   .     (no helmet)
rElec  +         Dismiss  .     j - +0 cloak
rCorr  +         Reflect  .     (no gloves)
SustAt .         Harm     .     (no boots)
MR     +....                    (no amulet)
Stlth  +.........               (no ring)
                                (no ring)

@: resistant, somewhat resistant to hostile enchantments, very unstealthy
A: repulsion field 1, mutation resistance 1
a: Depart the Abyss, Bend Space, Renounce Religion


You were on level 2 of the Dungeon.
You worshipped Lugonu.
Lugonu was pleased with you.
You were not hungry.

You visited 1 branch of the dungeon, and saw 2 of its levels.
You visited the Abyss 1 time.

You collected 75 gold pieces.

Inventory:

Hand Weapons
 a - a +1 falchion (weapon)
Armour
 b - a +0 leather armour
 i - a +0 robe of magic resistance (worn)
 j - a +0 cloak (worn)
Scrolls
 d - a scroll of fear {unknown}
 e - 2 scrolls of noise {unknown}
 f - a scroll of identify {unknown}
 g - a scroll of recharging {unknown}
 l - a scroll of enchant weapon {unknown}
Potions
 k - a potion of mutation
Comestibles
 c - 4 bread rations


   Skills:
 + Level 3.2 Fighting
 * Level 3.5 Long Blades
 - Level 2.1 Armour
 - Level 1.1 Dodging
 + Level 2.9 Invocations


You had 3 spell levels left.
You didn't know any spells.

Dungeon Overview and Level Annotations

Branches:
Dungeon (2/15)

Altars:

Annotations:
D:2 Sigmund


Innate Abilities, Weirdness & Mutations

You are small and have problems with some larger weapons.
You are somewhat resistant to further mutation.
You are surrounded by a mild repulsion field (EV +2).


Message History

Sigmund misses you.
Unknown command.
Drink which item? (? for menu, Esc to quit)
Okay, then.
Unknown command.
You hit Sigmund but do no damage. Sigmund hits you with a scythe!
You hit Sigmund but do no damage.
Sigmund casts a spell.
Sigmund flickers and vanishes!
Deactivating autopickup; reactivate with Ctrl-A.
You closely miss something. Something hits you!
* * * LOW HITPOINT WARNING * * *
You barely miss something. You hit something. Something hits you.
* * * LOW HITPOINT WARNING * * *
Unknown command.
Drink which item? (? for menu, Esc to quit)
You feel protected. Something hits you!
You die...

#.###....#.###
#........#.#
##########.# #.# #.#
#.# #######.###
..........#######.###
#######.#..?.@{......
#...########.##.
#..... ##...## ##.##
#.# #.#


There were no monsters in sight!

Vanquished Creatures
  2 adders (D:2)
  3 gnolls
  2 worms (D:2)
  A dart slug (D:1)
  2 ball pythons
  A giant cockroach (D:1)
  A goblin (D:2)
  7 hobgoblins
  7 bats
  2 giant newts (D:1)
  5 kobolds
  4 rats
37 creatures vanquished.

Notes
Turn   | Place    | Note
--------------------------------------------------------------
     0 | Abyss:1  | Eucla the Halfling Abyssal Knight began the quest for the Orb.
     0 | Abyss:1  | Reached XP level 1. HP: 15/15 MP: 2/2
    36 | D:1      | Escaped the Abyss
   136 | D:1      | Reached XP level 2. HP: 18/20 MP: 3/3
   462 | D:1      | Reached XP level 3. HP: 24/25 MP: 4/4
   512 | D:2      | Reached ** piety under Lugonu
   753 | D:2      | Reached XP level 4. HP: 22/31 MP: 4/6
   966 | D:1      | HP: 1/31 [spatial distortion (3)]
  1030 | D:1      | Gained mutation: You are surrounded by a mild repulsion field (EV +2). [potion of mutation]
  1854 | D:2      | Noticed Sigmund
  1865 | D:2      | Mangled by Sigmund

Skill      XL: |  1  2  3 |
---------------+----------+-----
Fighting       | 3 |  3.2
Long Blades    | 3 |  3.5
Armour         | |  2.1
Dodging        | |  1.1
Invocations    | |  2.9

Action                   |  1- 3 |  4- 6 || total
-------------------------+-------+-------++-------
Melee: Falchion          |    91 |    47 ||   138
Invok: Bend Space        |       |     2 ||     2
  Use: Potion            |       |     2 ||     2
 Stab: Sleeping          |     2 |     1 ||     3
  Eat: Bread ration      |       |     1 ||     1
       Beef jerky        |       |     1 ||     1
Armor: Leather armour    |    21 |       ||    21
       Robe              |     1 |     9 ||    10
Dodge: Dodged            |    87 |    31 ||   118
